MLB
COLORADO ROCKIES @ WASHINGTON NATIONALS
06/26/2098
 
TOP OF THE 1ST
Colorado Rockies batting - Pitching for Washington Nationals : RHP Josh Wright
Pitching: RHP Josh Wright
Batting: LHB Glenn Sewell 0-0: Ball
1-0: Fly out, F8 (Flyball, 8RS, EV 85.6 MPH)
Batting: RHB Mike Woodard 0-0: Ball
1-0: Called Strike
1-1: Called Strike
1-2: SINGLE (Line Drive, 9S, EV 91.3 MPH)
Batting: LHB Jim Davis 0-0: Called Strike
0-1: Foul Ball, location: 7LSF
0-2: Foul Ball, location: 2F
0-2: Ball
1-2: Grounds into double play, 4-6-3 (Groundball, 34, EV 81.9 MPH)
Top of the 1st over - 0 runs, 1 hit, 0 errors, 0 left on base; Colorado 0 - Washington 0
BOTTOM OF THE 1ST
Washington Nationals batting - Pitching for Colorado Rockies : LHP Kevin Tomchek
Pitching: LHP Kevin Tomchek
Batting: RHB Luis Rivera 0-0: Fly out, F8 (Flyball, 8RXD, EV 106.9 MPH)
Batting: SHB Kyle Spencer 0-0: Ball
1-0: Called Strike
1-1: Foul Ball, location: 25F
1-2: Foul Ball, location: 5F
1-2: Ball
2-2: Ball
3-2: Fly out, F6 (Line Drive, 6, EV 71.9 MPH)
Batting: RHB Jose Orozco 0-0: Called Strike
0-1: Swinging Strike
0-2: Strikes out swinging
Bottom of the 1st over - 0 runs, 0 hits, 0 errors, 0 left on base; Colorado 0 - Washington 0
TOP OF THE 2ND
Colorado Rockies batting - Pitching for Washington Nationals : RHP Josh Wright
Batting: RHB Kosuke Sakai 0-0: Ball
1-0: Called Strike
1-1: Ball
2-1: SINGLE (Line Drive, 6M, EV 96.9 MPH)
Batting: LHB Jeremy Papish 0-0: Foul Ball, location: 23F
0-1: Foul Ball, location: 2F
0-2: Ball
1-2: Ball
2-2: TRIPLE (Line Drive, 78XD, EV 110.6 MPH)
Kosuke Sakai scores
Batting: LHB Carlos Parez 0-0: Called Strike
0-1: Called Strike
0-2: Ball
Wild Pitch!
Jeremy Papish scores
1-2: Ball
2-2: Fly out, F6 (Popup, 6M, EV 73.1 MPH)
Batting: SHB Justin Williams 0-0: Called Strike
0-1: Fly out, F4 (Popup, 4, EV 73.1 MPH)
Batting: LHB Jesus Pena 0-0: Ball
1-0: Ball
2-0: Foul Ball, location: 2F
2-1: Swinging Strike
2-2: Ball
3-2: Strikes out swinging
Top of the 2nd over - 2 runs, 2 hits, 0 errors, 0 left on base; Colorado 2 - Washington 0
BOTTOM OF THE 2ND
Washington Nationals batting - Pitching for Colorado Rockies : LHP Kevin Tomchek
Batting: RHB Mario Garcia 0-0: Called Strike
0-1: Ball
1-1: Ground out 4-3 (Groundball, 4, EV 100.0 MPH)
Batting: RHB Isaiah Williams 0-0: Ball
1-0: Ground out 6-3 (Groundball, 6, EV 81.9 MPH)
Batting: RHB Steve Miles 0-0: Ball
1-0: Called Strike
1-1: Ball
2-1: Ball
3-1: Base on Balls
Batting: SHB Everett Anderson 0-0: Called Strike
0-1: Ball
1-1: 2-RUN HOME RUN (Flyball, 78XD, EV 98.8 MPH), Distance : 403 ft
Batting: LHB Jose Lara 0-0: Ball
1-0: Ball
2-0: Called Strike
2-1: Fly out, F3 (Line Drive, 3, EV 67.5 MPH)
Bottom of the 2nd over - 2 runs, 1 hit, 0 errors, 0 left on base; Colorado 2 - Washington 2
TOP OF THE 3RD
Colorado Rockies batting - Pitching for Washington Nationals : RHP Josh Wright
Batting: RHB Brenden Oxton 0-0: Ball
1-0: Called Strike
1-1: Swinging Strike
1-2: Ball
2-2: Foul Ball, location: 23F
2-2: Strikes out looking
Batting: LHB Glenn Sewell 0-0: SOLO HOME RUN (Flyball, 9D, EV 100.0 MPH), Distance : 377 ft
Batting: RHB Mike Woodard 0-0: Called Strike
0-1: Called Strike
0-2: Ball
1-2: SINGLE (Line Drive, 9S, EV 89.4 MPH)
Batting: LHB Jim Davis 0-0: Ball
1-0: Foul Ball, location: 7LMF
1-1: Fielders Choice at 2nd, 4-6 (Groundball, 34, EV 108.8 MPH)
Batting: RHB Kosuke Sakai 0-0: Called Strike
0-1: Ball
1-1: Ball
2-1: Ball
3-1: Base on Balls
Jim Davis to second
Batting: LHB Jeremy Papish 0-0: Ball
1-0: Ball
2-0: Called Strike
2-1: SINGLE (Line Drive, 9S, EV 89.4 MPH)
Jim Davis to third
Kosuke Sakai to second
Runner from 3rd tries for Home, SAFE, throw by RF to home
Batting: LHB Carlos Parez 0-0: Foul Ball, location: 2F
0-1: Swinging Strike
0-2: Ball
Wild Pitch!
Kosuke Sakai to third
Jeremy Papish to second
1-2: Ball
2-2: Fly out, F8 (Line Drive, 8RD, EV 96.3 MPH)
Top of the 3rd over - 2 runs, 3 hits, 0 errors, 2 left on base; Colorado 4 - Washington 2
BOTTOM OF THE 3RD
Washington Nationals batting - Pitching for Colorado Rockies : LHP Kevin Tomchek
Batting: LHB Sean Weaver 0-0: Ball
1-0: Fly out, F8 (Flyball, 8LM, EV 85.6 MPH)
Pitching: RHP Chris Colbert
Batting: RHB Luis Rivera 0-0: Ball
1-0: Called Strike
1-1: Foul Ball, location: 2F
1-2: Foul Ball, location: 7LSF
1-2: Ball
2-2: Ball
3-2: Ground out 6-3 (Groundball, 56, EV 104.4 MPH)
Batting: SHB Kyle Spencer 0-0: Swinging Strike
0-1: Foul Ball, location: 2F
0-2: Ball
1-2: Foul Ball, location: 2F
1-2: Strikes out swinging
Bottom of the 3rd over - 0 runs, 0 hits, 0 errors, 0 left on base; Colorado 4 - Washington 2
TOP OF THE 4TH
Colorado Rockies batting - Pitching for Washington Nationals : RHP Josh Wright
Batting: SHB Justin Williams 0-0: Called Strike
0-1: Ball
1-1: Swinging Strike
1-2: Strikes out swinging
Batting: LHB Jesus Pena 0-0: Called Strike
0-1: Called Strike
0-2: Ball
1-2: Ball
2-2: Ball
3-2: SINGLE (Line Drive, 78S, EV 101.9 MPH)
Batting: RHB Brenden Oxton 0-0: Called Strike
0-1: Ball
1-1: Ball
2-1: Fly out, F2 (Popup, 2RF, EV 90.0 MPH)
Batting: LHB Glenn Sewell 0-0: Foul Ball, location: 7LMF
0-1: Ball
1-1: Ball
2-1: Ball
3-1: Base on Balls
Jesus Pena to second
Batting: RHB Mike Woodard 0-0: Ball
1-0: Called Strike
1-1: Called Strike
1-2: Foul Ball, location: 2F
1-2: Ball
2-2: Foul Ball, location: 23FF
2-2: Ball
3-2: Base on Balls
Jesus Pena to third
Glenn Sewell to second
Batting: LHB Jim Davis 0-0: Ball
1-0: Foul Ball, location: 9LMF
1-1: Ball
2-1: SINGLE (Groundball, 5S, EV 66.3 MPH) (infield hit)
Jesus Pena scores
Glenn Sewell to third
Mike Woodard to second
Pitching: RHP Liam Dorfman
Batting: RHB Kosuke Sakai 0-0: Foul Ball, location: 2F
0-1: Called Strike
0-2: Ball
1-2: Ball
2-2: Foul Ball, location: 5F
2-2: Ball
3-2: SINGLE (Groundball, 4MD, EV 108.1 MPH)
Glenn Sewell scores
Mike Woodard to third
Jim Davis to second
Mike Woodard scores
Jim Davis to third
Batting: LHB Jeremy Papish 0-0: Ball
1-0: Called Strike
1-1: Foul Ball, location: 2F
1-2: Strikes out swinging
Top of the 4th over - 3 runs, 3 hits, 0 errors, 2 left on base; Colorado 7 - Washington 2
BOTTOM OF THE 4TH
Washington Nationals batting - Pitching for Colorado Rockies : RHP Chris Colbert
Batting: RHB Jose Orozco 0-0: Swinging Strike
0-1: Ball
1-1: Swinging Strike
1-2: Ball
2-2: Ball
3-2: Base on Balls
Batting: RHB Mario Garcia 0-0: Fielders Choice at 2nd, 5-4 (Groundball, 56, EV 82.5 MPH)
Batting: RHB Isaiah Williams 0-0: Called Strike
0-1: Fly out, F8 (Flyball, 8RD, EV 103.8 MPH)
Batting: RHB Steve Miles 0-0: Called Strike
0-1: Ball
1-1: Foul Ball, location: 2F
1-2: Strikes out swinging
Bottom of the 4th over - 0 runs, 0 hits, 0 errors, 1 left on base; Colorado 7 - Washington 2
TOP OF THE 5TH
Colorado Rockies batting - Pitching for Washington Nationals : RHP Liam Dorfman
Batting: LHB Carlos Parez 0-0: Foul Ball, location: 2F
0-1: Called Strike
0-2: SINGLE (Groundball, 4MD, EV 102.5 MPH)
Batting: SHB Justin Williams 0-0: Fly out, F7 (Flyball, 7, EV 87.5 MPH)
Batting: LHB Jesus Pena 0-0: Ball
1-0: Ball
2-0: SINGLE (Groundball, 5D, EV 110.6 MPH)
Carlos Parez to second
Batting: RHB Brenden Oxton 0-0: Swinging Strike
0-1: Ball
1-1: 3-RUN HOME RUN (Flyball, 7LD, EV 98.1 MPH), Distance : 362 ft
Batting: LHB Glenn Sewell 0-0: Called Strike
0-1: Ball
1-1: SINGLE (Groundball, 34D, EV 95.6 MPH)
Batting: RHB Mike Woodard 0-0: Ball
1-0: Fly out, F7 (Flyball, 7LM, EV 102.5 MPH)
Batting: LHB Jim Davis 0-0: Ball
1-0: Called Strike
1-1: SINGLE (Line Drive, 34D, EV 103.1 MPH)
Glenn Sewell to second
Batting: RHB Kosuke Sakai 0-0: Called Strike
0-1: Ball
1-1: Foul Ball, location: 9LMF
1-2: Fly out, F9 (Flyball, 89S, EV 88.8 MPH)
Top of the 5th over - 3 runs, 5 hits, 0 errors, 2 left on base; Colorado 10 - Washington 2
BOTTOM OF THE 5TH
Washington Nationals batting - Pitching for Colorado Rockies : RHP Chris Colbert
Batting: SHB Everett Anderson 0-0: Foul Ball, location: 7LMFF
0-1: Swinging Strike
0-2: Strikes out looking
Batting: LHB Jose Lara 0-0: Ball
1-0: Ball
2-0: Called Strike
2-1: Foul Ball, location: 2F
2-2: Strikes out swinging
Batting: LHB Sean Weaver 0-0: Foul Ball, location: 7LDF
0-1: Foul Ball, location: 2F
0-2: Ball
1-2: Ball
2-2: Fly out, F4 (Popup, 4MS, EV 70.0 MPH)
Bottom of the 5th over - 0 runs, 0 hits, 0 errors, 0 left on base; Colorado 10 - Washington 2
TOP OF THE 6TH
Colorado Rockies batting - Pitching for Washington Nationals : RHP Liam Dorfman
Batting: LHB Jeremy Papish 0-0: Fly out, F5 (Popup, 56, EV 54.4 MPH)
Batting: LHB Carlos Parez 0-0: SOLO HOME RUN (Flyball, 7LD, EV 98.1 MPH), Distance : 359 ft
Batting: SHB Justin Williams 0-0: Foul Ball, location: 2RF
0-1: Ground out U3 (Groundball, 3, EV 88.1 MPH)
Batting: LHB Jesus Pena 0-0: Called Strike
0-1: Ball
1-1: Ground out 4-3 (Groundball, 4M, EV 82.5 MPH)
Top of the 6th over - 1 run, 1 hit, 0 errors, 0 left on base; Colorado 11 - Washington 2
BOTTOM OF THE 6TH
Washington Nationals batting - Pitching for Colorado Rockies : RHP Chris Colbert
Pitching: RHP Matthew Hodge
Batting: RHB Luis Rivera 0-0: Ball
1-0: Ball
2-0: Swinging Strike
2-1: Fly out, F8 (Flyball, 8RXD, EV 108.1 MPH)
Batting: SHB Kyle Spencer 0-0: Ball
1-0: Called Strike
1-1: Foul Ball, location: 2F
1-2: Ground out U3 (Groundball, 3L, EV 91.9 MPH)
Batting: RHB Jose Orozco 0-0: Called Strike
0-1: Foul Ball, location: 9LSF
0-2: Ball
1-2: Ball
2-2: Strikes out swinging
Bottom of the 6th over - 0 runs, 0 hits, 0 errors, 0 left on base; Colorado 11 - Washington 2
TOP OF THE 7TH
Colorado Rockies batting - Pitching for Washington Nationals : RHP Liam Dorfman
Batting: RHB Brenden Oxton 0-0: Ball
1-0: Ball
2-0: Ball
3-0: Fly out, F7 (Flyball, 7LD, EV 88.1 MPH)
Batting: LHB Glenn Sewell 0-0: Foul Ball, location: 2F
0-1: Foul Ball, location: 3DF
0-2: Ball
1-2: Fly out, F3 (Popup, 3DF, EV 71.9 MPH)
Batting: RHB Mike Woodard 0-0: Called Strike
0-1: SINGLE (Groundball, 4D, EV 100.6 MPH)
Batting: LHB Jim Davis 0-0: Called Strike
0-1: Swinging Strike
0-2: Ball
1-2: Foul Ball, location: 2LF
1-2: Ball
2-2: Strikes out looking
Top of the 7th over - 0 runs, 1 hit, 0 errors, 1 left on base; Colorado 11 - Washington 2
BOTTOM OF THE 7TH
Washington Nationals batting - Pitching for Colorado Rockies : RHP Matthew Hodge
Batting: RHB Mario Garcia 0-0: Ball
1-0: Called Strike
1-1: Swinging Strike
1-2: Fly out, F7 (Flyball, 7D, EV 106.9 MPH)
Batting: RHB Isaiah Williams 0-0: Foul Ball, location: 2F
0-1: Fly out, F9 (Flyball, 9D, EV 95.0 MPH)
Batting: RHB Steve Miles 0-0: Called Strike
0-1: Ground out 6-3 (Groundball, 6, EV 96.3 MPH)
Bottom of the 7th over - 0 runs, 0 hits, 0 errors, 0 left on base; Colorado 11 - Washington 2
TOP OF THE 8TH
Colorado Rockies batting - Pitching for Washington Nationals : RHP Liam Dorfman
Pitching: LHP Joe Pullen
Batting: RHB Kosuke Sakai 0-0: Swinging Strike
0-1: SOLO HOME RUN (Flyball, 9LD, EV 98.1 MPH), Distance : 355 ft
Batting: LHB Jeremy Papish 0-0: Swinging Strike
0-1: Called Strike
0-2: Strikes out swinging
Pinch Hitting: RHB Tony Thomas 0-0: Called Strike
0-1: Ball
1-1: Ball
2-1: SINGLE (Line Drive, 4MD, EV 106.3 MPH)
Batting: SHB Justin Williams 0-0: Ball
1-0: Called Strike
1-1: Ball
2-1: Fly out, F8 (Flyball, 8RD, EV 108.1 MPH)
Batting: LHB Jesus Pena 0-0: Ball
1-0: Called Strike
1-1: Ball
2-1: Foul Ball, location: 7LMF
2-2: Strikes out swinging
Top of the 8th over - 1 run, 2 hits, 0 errors, 1 left on base; Colorado 12 - Washington 2
BOTTOM OF THE 8TH
Washington Nationals batting - Pitching for Colorado Rockies : RHP Matthew Hodge
Now at 2B: Justin Williams
Now at SS: John Stevens
Batting: SHB Everett Anderson 0-0: Ball
1-0: Called Strike
1-1: SINGLE (Line Drive, 6MD, EV 96.3 MPH)
Pinch Hitting: LHB Juan Chavez 0-0: Called Strike
0-1: Fielders Choice at 2nd, 4-6 (Groundball, 4, EV 83.8 MPH)
Batting: LHB Sean Weaver 0-0: Ball
1-0: Ball
2-0: Fly out, F5 (Popup, 5L, EV 58.8 MPH)
Batting: RHB Luis Rivera 0-0: DOUBLE (Groundball, 5L, EV 98.8 MPH)
Juan Chavez to third
Runner from 3rd tries for Home, SAFE, throw by LF to home
Batting: SHB Kyle Spencer 0-0: Ball
1-0: Ball
2-0: Ball
3-0: Base on Balls
Batting: RHB Jose Orozco 0-0: Called Strike
0-1: Foul Ball, location: 2F
0-2: Strikes out swinging
Bottom of the 8th over - 1 run, 2 hits, 0 errors, 2 left on base; Colorado 12 - Washington 3
TOP OF THE 9TH
Colorado Rockies batting - Pitching for Washington Nationals : LHP Joe Pullen
Now at 1B: Juan Chavez
Batting: RHB Brenden Oxton 0-0: Called Strike
0-1: Ball
1-1: SINGLE (Groundball, 4MD, EV 98.8 MPH)
Batting: LHB Glenn Sewell 0-0: Called Strike
0-1: Swinging Strike
0-2: Strikes out swinging
Batting: RHB Mike Woodard 0-0: Grounds into double play, 6-4-3 (Groundball, 6S, EV 90.0 MPH)
Top of the 9th over - 0 runs, 1 hit, 0 errors, 0 left on base; Colorado 12 - Washington 3
BOTTOM OF THE 9TH
Washington Nationals batting - Pitching for Colorado Rockies : RHP Matthew Hodge
Pitching: RHP Gustavo Becerra
Batting: RHB Mario Garcia 0-0: Called Strike
0-1: Swinging Strike
0-2: Ball
1-2: Ball
2-2: Fly out, F9 (Flyball, 89S, EV 85.0 MPH)
Batting: RHB Isaiah Williams 0-0: Ball
1-0: Ball
2-0: SOLO HOME RUN (Flyball, 8LXD, EV 111.3 MPH), Distance : 427 ft
Batting: RHB Steve Miles 0-0: Called Strike
0-1: Ball
1-1: Ball
2-1: Ball
3-1: Foul Ball, location: 2F
3-2: Base on Balls
Batting: SHB Everett Anderson 0-0: Called Strike
0-1: Swinging Strike
0-2: Strikes out swinging
Batting: LHB Juan Chavez 0-0: 2-RUN HOME RUN (Flyball, 9LD, EV 97.5 MPH), Distance : 363 ft
Pitching: LHP Zander Gonzalez
Batting: LHB Sean Weaver 0-0: Called Strike
0-1: Called Strike
0-2: Ball
1-2: Ball
2-2: Foul Ball, location: 9LSFF
2-2: SINGLE (Groundball, 56D, EV 95.6 MPH)
Batting: RHB Luis Rivera 0-0: Swinging Strike
0-1: Swinging Strike
0-2: Fielders Choice at 2nd, 5-4 (Groundball, 56, EV 80.6 MPH)
Bottom of the 9th over - 3 runs, 3 hits, 0 errors, 1 left on base; Colorado 12 - Washington 6
Monday, April 8th , 2024 - OOTP Baseball 24.11 Build 85